 Dungeon Crawl Stone Soup version 0.26-a0-639-g72c4674 (webtiles) character file.

Game seed: 12018240844021871572

161 B1Gdaddy5 the Insei (level 5, 0/40 HPs)
             Began as a Human Wanderer on Sept 20, 2020.
             Succumbed to a kobold's poison
             ... on level 3 of the Dungeon.
             The game lasted 00:22:24 (3289 turns).

B1Gdaddy5 the Insei (Human Wanderer)                Turns: 3289, Time: 00:22:24

Health: 0/40       AC: 12    Str: 11 (13) XL:     5   Next: 70%
Magic:  5/5        EV:  8    Int: 11 (12) God:
Gold:   93         SH:  0    Dex: 11 (13) Spells: 4/4 levels left

rFire    . . .     SeeInvis .   a - +0 hand axe
rCold    . . .     Faith    .   (no shield)
rNeg     . . .     Spirit   .   n - +0 scale mail
rPois    .         Reflect  .   (no helmet)
rElec    .         Harm     .   q - +0 cloak
rCorr    .         Rampage  .   w - +0 pair of gloves
MR       .....                  (no boots)
Stlth    ..........             (no amulet)
HPRegen  0.13/turn              p - +4 ring of protection
MPRegen  0.09/turn              (no ring)

@: mighty, brilliant, lethally poisoned (0 -> -2)
A: robust 1, wild magic 1, evolution 1
a: no special abilities


You were on level 3 of the Dungeon.
You visited 1 branch of the dungeon, and saw 3 of its levels.

You collected 93 gold pieces.

Inventory:

Hand Weapons
 a - a +0 hand axe (weapon)
 d - a +0 hand crossbow
 s - a +1 vampiric dagger
Missiles
 m - 18 bolts
Armour
 f - a +0 robe
 n - a +0 scale mail (worn)
 q - a +0 cloak (worn)
 w - a +0 pair of gloves (worn)
Jewellery
 p - a +4 ring of protection (left hand)
Scrolls
 b - 2 scrolls of fear
 g - a scroll of amnesia {unknown}
 h - a scroll of teleportation
 k - a scroll of enchant armour {unknown}
 l - a scroll of remove curse
 r - a scroll of enchant weapon {unknown}
 v - a scroll of blinking {unknown}
Potions
 c - a potion of berserk rage
 i - a potion of resistance
 j - a potion of cancellation


   Skills:
 + Level 1.5 Fighting
 * Level 2.8 Axes
 + Level 3.2 Crossbows
 + Level 1.1 Throwing
 + Level 2.0 Armour
 + Level 1.3 Stealth
   Level 1.0 Shields
 - Level 3.3 Unarmed Combat


You had 4 spell levels left.
You didn't know any spells.
Your spell library was empty.

Dungeon Overview and Level Annotations

Branches:
Dungeon (3/15)

Altars:


Innate Abilities, Weirdness & Mutations

You are robust. (+10% HP)
Your spells are a little harder to cast, but a little more powerful.
You evolve.


Message History

You kill the frilled lizard!
* * * LOW HITPOINT WARNING * * *
You feel sick.
* * * LOW HITPOINT WARNING * * *
You feel sick.
You see here a frilled lizard corpse.
* * * LOW HITPOINT WARNING * * *
You feel sick.
Found 12 gold pieces.
* * * LOW HITPOINT WARNING * * *
You feel sick.
* * * LOW HITPOINT WARNING * * *
You feel sick.
* * * LOW HITPOINT WARNING * * *
You feel sick.
* * * LOW HITPOINT WARNING * * *
You feel sick.
* * * LOW HITPOINT WARNING * * *
You feel sick.
You die...

#.#.<##.....#.# #
###.........#....
.
#...#...#.....#.#
#.#.#............
#.#........######
# #...≈≈≈(.......
# #†.≈≈≈≈≈..#####
#.#..≈≈♣≈≈..#
#.(@.≈≈≈≈≈..#
##♣...≈≈≈...♣
♣♣....(..♣♣
♣♣.....♣♣ ♣♣...♣♣
....♣ ....$ ≈≈..


There were no monsters in sight!

Vanquished Creatures
  3 gnolls (D:2)
  5 adders
  An ooze (D:3)
  2 worms
  2 dart slugs
  A leopard gecko (D:3)
  5 orcs (D:3)
  6 bats
  A giant cockroach (D:2)
  11 goblins
  5 hobgoblins
  8 jackals
  9 kobolds
  3 frilled lizards
  6 rats
68 creatures vanquished.

Notes
Turn   | Place    | Note
-------+----------+-------------------------------------------
     0 | D:1      | B1Gdaddy5 the Human Wanderer began the quest for the Orb.
     0 | D:1      | B1Gdaddy5 set off with the following items: a +0 hand axe,
                  | a scroll of fear, a potion of berserk rage, a +0 hand
                  | crossbow, 30 bolts, a +0 robe
     0 | D:1      | Reached XP level 1. HP: 15/15 MP: 1/1
   371 | D:1      | Reached XP level 2. HP: 19/21 MP: 2/2
   812 | D:1      | Reached XP level 3. HP: 26/26 MP: 3/3
  1510 | D:2      | HP: 1/26 [poisoned by an adder]
  1644 | D:2      | Reached skill level 1 in Axes
  1644 | D:2      | Reached XP level 4. HP: 32/32 MP: 4/4
  2153 | D:2      | Reached XP level 5. HP: 35/37 MP: 5/5
  3257 | D:3      | Gained mutation: You are robust. (+10% HP) [potion of
                  | mutation]
  3257 | D:3      | Gained mutation: You evolve. [potion of mutation]
  3257 | D:3      | Gained mutation: Your spells are a little harder to cast,
                  | but a little more powerful. [potion of mutation]
  3281 | D:3      | HP: 2/40 [poisoned by a kobold]
  3286 | D:3      | HP: 1/40 [poisoned by a kobold]
  3289 | D:3      | Succumbed to a kobold's poison

Illustrated notes

Levels and vault maps discovered:
D:1:      dpeg_arrival_rooms_c, layout_basic, serial_park_tiny_1
D:2:      layout_loops_cross
D:3:      minmay_razor_zed, layout_loops_ring, nicolae_ru_the_path_less_chosen,
          elyvilon_altar_3

Skill      XL: |  1  2  3  4  5 |
---------------+----------------+-----
Axes           | 1 2 |  2.8
Armour         | 2 |  2.0
Crossbows      | 3 |  3.2
Fighting       | |  1.5
Throwing       | |  1.1
Stealth        | |  1.3
Shields        | |  1.0
Unarmed Combat | |  3.3

Action                   |  1- 3 |  4- 6 || total
-------------------------+-------+-------++-------
Melee: Hand axe          |    68 |   113 ||   181
       Punch             |       |     1 ||     1
 Fire: Hand crossbow     |    44 |    60 ||   104
  Use: Potion            |     1 |     5 ||     6
       Scroll            |       |     4 ||     4
Armor: Robe              |    11 |       ||    11
       Scale mail        |    46 |    90 ||   136
Dodge: Dodged            |    49 |    57 ||   106

Table legend: (Time is in decaauts)
 A = Elapsed time spent in this place.
 B = Non-inter-level travel time spent in this place.
 C = Inter-level travel time spent in this place.
 D = Time resting spent in this place.
 E = Time spent auto-exploring this place.
 F = Levels seen in this place.
 G = Mean time per level.
                   A        B        C        D        E       F      G
               +--------+--------+--------+--------+--------+-----+--------+
         Total |   3345 |   3317 |     28 |   1292 |    959 |   3 | 1115.0 |
       Dungeon |   3345 |   3317 |     28 |   1292 |    959 |   3 | 1115.0 |
               +--------+--------+--------+--------+--------+-----+--------+

Top non-repeatable levels by time:
     D:2: 1509 daAuts
     D:1: 1266 daAuts
     D:3: 569 daAuts
